Oilers vs Penguins

Created - 28 décembre 2020 at 21:14

Goals
1 2 3 T
Oilers 1 2 1 4
Penguins 0 0 2 2
Shots
1 2 3 T
Oilers 6 13 7 26
Penguins 14 4 11 29

1st period

1. Oilers , Jason Zucker 9 (Pavel Zacha 9) at 19:32

Penalties :
Dylan DeMelo (EDM) for Hooking (Minor) at 2:39

2nd period

2. Oilers , Evander Kane 13 (Jacob Trouba 16) at 4:04
3. Oilers , Ryan Getzlaf 4 (Pavel Zacha 10) at 18:03

Penalties :
Jacob Trouba (EDM) for Roughing (Minor) at 4:47, Shea Weber (PIT) for Holding (Minor) at 7:25, David Perron (PIT) for Holding (Minor) at 13:04, Brent Seabrook (PIT) for High sticking (Minor) at 15:11

3rd period

4. Penguins , Nathan MacKinnon 15 (Patrik Laine 12, Shea Weber 16) at 4:54
5. Penguins , Mark Scheifele 15 (Marcus Pettersson 8, David Perron 7) at 5:34
6. Oilers , Brent Burns 6 (Adam Lowry 3, Riley Nash 2) at 19:46

Penalties :
No Penalty

Goalie Stats

Jonathan Quick (EDM), 27 saves from 29 shots - (0,931), W, 4-6-0, 60:00 minutes
Connor Hellebuyck (PIT), 22 saves from 26 shots - (0,846), L, 14-14-4, 60:00 minutes

Players Stats for Oilers

Player Name              G  A  P  +/- PIM S  H  SB GA TA FO     MP     PP MP  PK MP  
------------------------------------------------------------------------------------
Adam Lowry               0  1  1   0  0   1  0  0  0  0  5/12   11:09   1:10   2:18 
Barclay Goodrow          0  0  0   0  0   1  3  0  0  0  0/1    12:47   1:16   0:44 
Brent Burns              1  0  1   0  0   2  0  0  0  0  0/0    27:15   2:29   2:43 
Dylan DeMelo             0  0  0   0  2   0  0  1  0  0  0/0     0:44   0:00   0:00 
Evander Kane             1  0  1   0  0   2  2  1  0  0  1/2    21:13   2:46   0:00 
Gustav Nyquist           0  0  0   0  0   3  0  1  0  0  1/1    21:29   2:19   0:00 
Jacob Trouba             0  1  1  -1  2   1  1  2  0  0  0/0    26:48   2:35   0:52 
Jason Zucker             1  0  1   2  0   3  0  0  0  0  1/1    19:23   2:28   0:37 
Justin Braun             0  0  0   1  0   1  3  1  0  0  0/0    23:17   2:12   1:12 
Nick Cousins             0  0  0   0  0   2  0  0  0  0  0/0     8:15   1:10   0:56 
Pavel Zacha              0  2  2   2  0   2  1  0  0  0  0/0    16:00   0:34   0:00 
Riley Nash               0  1  1   0  0   0  0  0  0  0  1/1     9:25   0:42   0:56 
Ryan Getzlaf             1  0  1   2  0   4  2  0  0  0  20/28  18:14   2:48   0:00 
Ryan Johansen            0  0  0   0  0   0  0  0  0  0  25/30  20:10   1:53   0:00 
Sam Bennett              0  0  0   0  0   3  1  0  0  0  8/14   13:41   0:36   3:02 
Travis Hamonic           0  0  0   1  0   1  2  2  0  0  0/0     8:25   0:00   1:07 
Vladislav Gavrikov       0  0  0   3  0   0  1  1  0  0  0/0    24:52   2:12   1:25 
Yanni Gourde             0  0  0   0  0   0  1  0  0  0  0/0    12:53   2:35   0:00 

Players Stats for Penguins

Player Name              G  A  P  +/- PIM S  H  SB GA TA FO     MP     PP MP  PK MP  
------------------------------------------------------------------------------------
Adrian Kempe             0  0  0   0  0   1  0  0  0  0  2/14   10:09   0:00   3:04 
Alex DeBrincat           0  0  0  -1  0   2  0  0  0  0  0/2    11:12   0:00   0:29 
Brent Seabrook           0  0  0   1  2   0  0  0  0  0  0/0    12:11   0:00   0:00 
Cedric Paquette          0  0  0   0  0   1  0  0  0  0  1/3     8:55   0:00   1:50 
Clayton Keller           0  0  0   0  0   4  0  0  0  0  6/13   10:27   0:00   0:00 
David Perron             0  1  1   1  2   2  1  0  0  0  1/3    17:23   1:56   0:00 
Drew Doughty             0  0  0  -3  0   0  1  4  0  0  0/0    26:09   2:15   3:24 
Filip Hronek             0  0  0   0  0   0  3  1  0  0  0/0    21:39   1:43   2:33 
Gabriel Landeskog        0  0  0   0  0   6  2  0  0  0  1/5    18:43   1:56   1:03 
Joe Thornton             0  0  0  -2  0   1  0  0  0  0  1/3    18:51   2:02   0:00 
Marcus Pettersson        0  1  1   1  0   0  1  0  0  0  0/0    13:33   0:00   1:21 
Mark Giordano            0  0  0   0  0   0  0  1  0  0  0/0    21:39   1:43   2:33 
Mark Scheifele           1  0  1   0  0   1  1  0  0  0  9/22   17:40   1:56   0:00 
Nathan MacKinnon         1  0  1  -2  0   5  1  0  0  0  5/23   18:51   2:02   0:00 
Oliver Bjorkstrand       0  0  0   0  0   1  1  0  0  0  2/2    14:05   0:00   3:38 
Oskar Lindblom           0  0  0   0  0   1  0  0  0  0  0/0     8:55   0:00   1:50 
Patrik Laine             0  1  1  -2  0   3  4  0  0  0  0/0    18:51   2:02   0:00 
Shea Weber               0  1  1  -3  2   1  3  0  0  0  0/0    24:47   2:15   2:03 

3 Stars

1 - Ryan Getzlaf (EDM)
2 - Pavel Zacha (EDM)
3 - Jason Zucker (EDM)

Power Play

Oilers - 0 on 3 Attempt(s) - 0,00%
Penguins - 0 on 2 Attempt(s) - 0,00%

Penalty Kill

Oilers - 2 on 2 Attempt(s) - 100,00% - Score 0 goal in Penalty Kill
Penguins - 3 on 3 Attempt(s) - 100,00% - Score 0 goal in Penalty Kill

Team Stat

Oilers - Hits : 17 - Faceoff Wins : 62 - Blocked Shots : 9 - Penalty Minutes : 4
Penguins - Hits : 18 - Faceoff Wins : 28 - Blocked Shots : 6 - Penalty Minutes : 6

Official

Referees : Jake Brenk and Michael Markovic
Linesman : Jesse Marquis and Travis Gawryletz

Game Notes

Dylan DeMelo is injured at 5:21 of 1st period (Bruised Right Foot)
Travis Hamonic is injured at 2:52 of 2nd period (Right Knee)

Finance

Level 1 -- Attendance: 6460 (99,38%) -- Ticket Income 755 820 $
Level 2 -- Attendance: 4755 (95,10%) -- Ticket Income 394 665 $
Level 3 -- Attendance: 3068 (87,66%) -- Ticket Income 190 216 $
Level 4 -- Attendance: 2387 (100,00%) -- Ticket Income 107 415 $
Luxury Box -- Attendance: 964 (96,40%) -- Ticket Income 216 900 $
Game was played at the Consol Energy Center.
Total Attendance: 17634 (95,90%)
Total Ticket Income: 1 665 016 $
Other Income: 815 858 $
Total Income: 2 480 874 $

% Time on Ice - Oilers

Lines # - Real PCT - Wanted PCT - Time Play
Normal Forward
1 - 37% - 40% - 18:27
2 - 31% - 30% - 15:26
3 - 20% - 20% - 10:03
4 - 11% - 10% - 5:39
Normal Defense
1 - 23% - 40% - 11:18
2 - 58% - 30% - 28:50
3 - 19% - 30% - 9:27
4 - 0% - 0% - 0:00
PP Forward
1 - 57% - 60% - 3:22
2 - 43% - 40% - 2:35
PP Defense
1 - 14% - 60% - 0:50
2 - 86% - 40% - 5:07
PK Forward
1 - 76% - 60% - 3:02
2 - 24% - 40% - 0:56
PK Defense
1 - 68% - 60% - 2:43
2 - 32% - 40% - 1:15
PK3 Forward
1 - 0% - 60%
2 - 0% - 40%
PK3 Defense
1 - 0% - 60%
2 - 0% - 40%
44 Forward
1 - 0% - 60%
2 - 0% - 40%
44 Defense
1 - 0% - 60%
2 - 0% - 40%
Last Minute Offensive  - 0:00
Last Minute Defensive  - 0:30
Total
Forward - 60:00
Defense - 60:00

% Time on Ice - Penguins

Lines # - Real PCT - Wanted PCT - Time Play
Normal Forward
1 - 34% - 35% - 16:49
2 - 31% - 33% - 15:28
3 - 21% - 22% - 10:27
4 - 14% - 10% - 7:05
Normal Defense
1 - 38% - 40% - 19:09
2 - 35% - 30% - 17:23
3 - 24% - 20% - 12:12
4 - 2% - 10% - 1:05
PP Forward
1 - 51% - 60% - 2:02
2 - 49% - 40% - 1:56
PP Defense
1 - 57% - 60% - 2:15
2 - 43% - 40% - 1:43
PK Forward
1 - 69% - 60% - 4:07
2 - 31% - 40% - 1:50
PK Defense
1 - 57% - 60% - 3:24
2 - 43% - 40% - 2:33
PK3 Forward
1 - 0% - 60%
2 - 0% - 40%
PK3 Defense
1 - 0% - 60%
2 - 0% - 40%
44 Forward
1 - 0% - 60%
2 - 0% - 40%
44 Defense
1 - 0% - 60%
2 - 0% - 40%
Last Minute Offensive  - 0:16
Last Minute Defensive  - 0:00
Total
Forward - 60:00
Defense - 60:00

Play-by-Play

1st period


0:01 of 1st period - Ryan Johansen wins face-off versus Nathan MacKinnon in neutral zone.
0:10 of 1st period - Shot by Gustav Nyquist.
0:10 of 1st period - Stopped by Connor Hellebuyck without a rebound.
0:11 of 1st period - Ryan Getzlaf wins face-off versus Mark Scheifele in Penguins zone.
0:31 of 1st period - Icing by Dylan DeMelo.
0:32 of 1st period - Clayton Keller wins face-off versus Ryan Getzlaf in Oilers zone.
0:33 of 1st period - Shot by Alex DeBrincat.
0:33 of 1st period - Shot Blocked by Travis Hamonic.
0:35 of 1st period - Shot by Clayton Keller.
0:35 of 1st period - Stopped by Jonathan Quick without a rebound.
0:36 of 1st period - Clayton Keller wins face-off versus Sam Bennett in Oilers zone.
0:45 of 1st period - Shot by Clayton Keller.
0:45 of 1st period - Stopped by Jonathan Quick without a rebound.
0:46 of 1st period - Ryan Johansen wins face-off versus Nathan MacKinnon in Oilers zone.
1:31 of 1st period - Icing by Brent Burns.
1:32 of 1st period - Evander Kane wins face-off versus David Perron in Oilers zone.
1:37 of 1st period - David Perron is hit by Evander Kane and loses puck.
1:45 of 1st period - Icing by Brent Seabrook.
1:46 of 1st period - David Perron wins face-off versus Adam Lowry in Penguins zone.
2:03 of 1st period - Shot by Gabriel Landeskog.
2:03 of 1st period - Stopped by Jonathan Quick with a rebound.
2:39 of 1st period - Minor Penalty to Dylan DeMelo for Hooking.
2:40 of 1st period - Nathan MacKinnon wins face-off versus Adam Lowry in Oilers zone.
3:44 of 1st period - Shot by Gabriel Landeskog.
3:44 of 1st period - Stopped by Jonathan Quick without a rebound.
3:45 of 1st period - Mark Scheifele wins face-off versus Adam Lowry in Oilers zone.
4:44 of 1st period - Shot by Alex DeBrincat.
4:44 of 1st period - Stopped by Jonathan Quick without a rebound.
4:45 of 1st period - Ryan Johansen wins face-off versus Clayton Keller in Oilers zone.
4:47 of 1st period - Icing by Gustav Nyquist.
4:48 of 1st period - Clayton Keller wins face-off versus Ryan Johansen in Oilers zone.
5:14 of 1st period - Icing by Filip Hronek.
5:15 of 1st period - Clayton Keller wins face-off versus Ryan Getzlaf in Penguins zone.
5:15 of 1st period - Clayton Keller is hit by Pavel Zacha.
5:21 of 1st period - Shot by Mark Giordano.
5:21 of 1st period - Shot Blocked by Dylan DeMelo.
5:21 of 1st period - Dylan DeMelo from Oilers is injured at 5:21 of 1st period (Bruised Right Foot).
5:22 of 1st period - Ryan Getzlaf wins face-off versus Nathan MacKinnon in Oilers zone.
5:31 of 1st period - Travis Hamonic is hit by Patrik Laine and loses puck.
6:54 of 1st period - Mark Giordano is hit by Justin Braun and loses puck.
7:04 of 1st period - Oskar Lindblom is hit by Justin Braun and loses puck.
7:20 of 1st period - Gabriel Landeskog is hit by Justin Braun and loses puck.
7:40 of 1st period - Icing by Gabriel Landeskog.
7:41 of 1st period - Ryan Johansen wins face-off versus David Perron in Penguins zone.
7:41 of 1st period - Ryan Johansen is hit by Marcus Pettersson.
7:59 of 1st period - Shot by Gabriel Landeskog.
7:59 of 1st period - Shot Misses the Net.
8:18 of 1st period - Oliver Bjorkstrand is hit by Travis Hamonic and loses puck.
8:59 of 1st period - Shea Weber is hit by Ryan Getzlaf.
9:14 of 1st period - Shot by Jason Zucker.
9:14 of 1st period - Stopped by Connor Hellebuyck without a rebound.
9:15 of 1st period - Adam Lowry wins face-off versus Nathan MacKinnon in Penguins zone.
9:20 of 1st period - Shot by Nick Cousins.
9:20 of 1st period - Stopped by Connor Hellebuyck without a rebound.
9:21 of 1st period - Joe Thornton wins face-off versus Adam Lowry in Penguins zone.
9:23 of 1st period - Icing by Nathan MacKinnon.
9:24 of 1st period - Ryan Getzlaf wins face-off versus Nathan MacKinnon in Penguins zone.
9:39 of 1st period - Off-side.
9:40 of 1st period - Mark Scheifele wins face-off versus Sam Bennett in neutral zone.
9:49 of 1st period - Shot by Gabriel Landeskog.
9:49 of 1st period - Stopped by Jonathan Quick without a rebound.
9:50 of 1st period - Ryan Getzlaf wins face-off versus Nathan MacKinnon in Oilers zone.
9:54 of 1st period - Icing by Vladislav Gavrikov.
9:55 of 1st period - Ryan Getzlaf wins face-off versus Nathan MacKinnon in Oilers zone.
10:01 of 1st period - Nathan MacKinnon is hit by Vladislav Gavrikov and loses puck.
10:22 of 1st period - Shot by Patrik Laine.
10:22 of 1st period - Stopped by Jonathan Quick without a rebound.
10:23 of 1st period - Mark Scheifele wins face-off versus Ryan Johansen in Oilers zone.
10:52 of 1st period - Shot by Ryan Johansen.
10:52 of 1st period - Deflect By Gustav Nyquist.
10:52 of 1st period - Shot Misses the Net.
11:28 of 1st period - Shot by Sam Bennett.
11:28 of 1st period - Stopped by Connor Hellebuyck without a rebound.
11:29 of 1st period - Ryan Getzlaf wins face-off versus Alex DeBrincat in Penguins zone.
11:32 of 1st period - Shot by Ryan Getzlaf.
11:32 of 1st period - Shot Blocked by Drew Doughty.
11:40 of 1st period - Shot by Jason Zucker.
11:40 of 1st period - Shot Misses the Net.
12:08 of 1st period - Icing by Shea Weber.
12:09 of 1st period - Clayton Keller wins face-off versus Sam Bennett in Penguins zone.
12:09 of 1st period - Clayton Keller is hit by Barclay Goodrow.
12:55 of 1st period - Icing by Brent Seabrook.
12:56 of 1st period - Ryan Johansen wins face-off versus Nathan MacKinnon in Penguins zone.
13:11 of 1st period - Shot by Nathan MacKinnon.
13:11 of 1st period - Stopped by Jonathan Quick without a rebound.
13:12 of 1st period - Adam Lowry wins face-off versus Mark Scheifele in Oilers zone.
13:36 of 1st period - Mark Giordano is hit by Travis Hamonic and loses puck.
14:25 of 1st period - Icing by Justin Braun.
14:26 of 1st period - Nathan MacKinnon wins face-off versus Ryan Johansen in Oilers zone.
14:33 of 1st period - Shot by Nathan MacKinnon.
14:33 of 1st period - Shot Hit the Post.
14:35 of 1st period - Shot by Patrik Laine.
14:35 of 1st period - Stopped by Jonathan Quick without a rebound.
14:36 of 1st period - Ryan Getzlaf wins face-off versus Alex DeBrincat in Oilers zone.
14:50 of 1st period - Icing by Brent Burns.
14:51 of 1st period - Ryan Getzlaf wins face-off versus Nathan MacKinnon in Oilers zone.
15:18 of 1st period - Shot by Nathan MacKinnon.
15:18 of 1st period - Stopped by Jonathan Quick with a rebound.
15:26 of 1st period - Shot by Patrik Laine.
15:26 of 1st period - Shot Misses the Net.
15:39 of 1st period - Icing by Brent Burns.
15:40 of 1st period - Ryan Getzlaf wins face-off versus Mark Scheifele in Oilers zone.
16:15 of 1st period - Shot by Gabriel Landeskog.
16:15 of 1st period - Stopped by Jonathan Quick without a rebound.
16:16 of 1st period - Sam Bennett wins face-off versus Clayton Keller in Oilers zone.
16:16 of 1st period - Sam Bennett is hit by Oliver Bjorkstrand.
16:34 of 1st period - Shot by Vladislav Gavrikov.
16:34 of 1st period - Shot Misses the Net.
16:36 of 1st period - Shot by Travis Hamonic.
16:36 of 1st period - Stopped by Connor Hellebuyck without a rebound.
16:37 of 1st period - Ryan Johansen wins face-off versus Adrian Kempe in Penguins zone.
18:17 of 1st period - Icing by Nathan MacKinnon.
18:18 of 1st period - Jason Zucker wins face-off versus Nathan MacKinnon in Penguins zone.
18:27 of 1st period - Pavel Zacha is hit by Nathan MacKinnon and loses puck.
18:32 of 1st period - Shot by Nathan MacKinnon.
18:32 of 1st period - Stopped by Jonathan Quick with a rebound.
18:34 of 1st period - Shot by Shea Weber.
18:34 of 1st period - Shot Misses the Net.
18:36 of 1st period - Shot by Nathan MacKinnon.
18:36 of 1st period - Stopped by Jonathan Quick without a rebound.
18:37 of 1st period - Ryan Johansen wins face-off versus Gabriel Landeskog in Oilers zone.
19:30 of 1st period - Shot by Pavel Zacha.
19:30 of 1st period - Shot Blocked by Drew Doughty.
19:32 of 1st period - Shot by Jason Zucker.
19:32 of 1st period - Goal by Jason Zucker - Oilers : 1 - Penguins : 0.
19:33 of 1st period - Sam Bennett wins face-off versus Joe Thornton in neutral zone.
19:55 of 1st period - Icing by Barclay Goodrow.
19:56 of 1st period - Oliver Bjorkstrand wins face-off versus Sam Bennett in Oilers zone.
19:57 of 1st period - Shot by Clayton Keller.
19:57 of 1st period - Shot Misses the Net.
19:59 of 1st period - Shot by Oliver Bjorkstrand.
19:59 of 1st period - Stopped by Jonathan Quick without a rebound.
Goals for this period are 1 for Oilers vs 0 for Penguins.
Shots for this period are 6 for Oilers vs 14 for Penguins.

2nd period


0:01 of 2nd period - Ryan Johansen wins face-off versus Mark Scheifele in neutral zone.
0:54 of 2nd period - Pavel Zacha is hit by Shea Weber and loses puck.
2:23 of 2nd period - Shot by Alex DeBrincat.
2:23 of 2nd period - Stopped by Jonathan Quick with a rebound.
2:25 of 2nd period - Shot by Clayton Keller.
2:25 of 2nd period - Shot Misses the Net.
2:52 of 2nd period - Shot by Alex DeBrincat.
2:52 of 2nd period - Shot Blocked by Travis Hamonic.
2:52 of 2nd period - Travis Hamonic from Oilers is injured at 2:52 of 2nd period (Right Knee).
2:53 of 2nd period - Ryan Johansen wins face-off versus Adrian Kempe in Oilers zone.
3:14 of 2nd period - Shot by Oskar Lindblom.
3:14 of 2nd period - Stopped by Jonathan Quick without a rebound.
3:15 of 2nd period - Sam Bennett wins face-off versus Nathan MacKinnon in Oilers zone.
3:20 of 2nd period - Shea Weber is hit by Sam Bennett and loses puck.
3:37 of 2nd period - Barclay Goodrow is hit by Patrik Laine and loses puck.
3:56 of 2nd period - Icing by Drew Doughty.
3:57 of 2nd period - Ryan Johansen wins face-off versus Nathan MacKinnon in Penguins zone.
4:04 of 2nd period - Shot by Evander Kane.
4:04 of 2nd period - The goal is going for a video replay.
4:04 of 2nd period - The goal is good.
4:04 of 2nd period - Goal by Evander Kane - Oilers : 2 - Penguins : 0.
4:05 of 2nd period - Ryan Johansen wins face-off versus Clayton Keller in neutral zone.
4:08 of 2nd period - Shot by Ryan Johansen.
4:08 of 2nd period - Shot Blocked by Mark Giordano.
4:46 of 2nd period - Filip Hronek is hit by Jacob Trouba and loses puck.
4:47 of 2nd period - Minor Penalty to Jacob Trouba for Roughing.
4:48 of 2nd period - Mark Scheifele wins face-off versus Adam Lowry in Oilers zone.
5:45 of 2nd period - Icing by Patrik Laine.
5:46 of 2nd period - Adam Lowry wins face-off versus Joe Thornton in Penguins zone.
6:07 of 2nd period - Shot by Nathan MacKinnon.
6:07 of 2nd period - Shot Hit the Post.
6:41 of 2nd period - Shot by David Perron.
6:41 of 2nd period - Deflect By Gabriel Landeskog.
6:41 of 2nd period - Stopped by Jonathan Quick without a rebound.
6:42 of 2nd period - Riley Nash wins face-off versus Mark Scheifele in Oilers zone.
7:05 of 2nd period - Shot by Evander Kane.
7:05 of 2nd period - Stopped by Connor Hellebuyck without a rebound.
7:06 of 2nd period - Ryan Getzlaf wins face-off versus Adrian Kempe in Penguins zone.
7:22 of 2nd period - Icing by Shea Weber.
7:23 of 2nd period - Ryan Johansen wins face-off versus Adrian Kempe in Penguins zone.
7:25 of 2nd period - Minor Penalty to Shea Weber for Holding.
7:26 of 2nd period - Adrian Kempe wins face-off versus Ryan Getzlaf in Penguins zone.
7:35 of 2nd period - Shot by Gustav Nyquist.
7:35 of 2nd period - Stopped by Connor Hellebuyck without a rebound.
7:36 of 2nd period - Ryan Getzlaf wins face-off versus Adrian Kempe in Penguins zone.
8:12 of 2nd period - Icing by Evander Kane.
8:13 of 2nd period - Oliver Bjorkstrand wins face-off versus Evander Kane in Oilers zone.
8:46 of 2nd period - Shot by Jacob Trouba.
8:46 of 2nd period - Stopped by Connor Hellebuyck without a rebound.
8:47 of 2nd period - Ryan Johansen wins face-off versus Cedric Paquette in Penguins zone.
8:48 of 2nd period - Shot by Jacob Trouba.
8:48 of 2nd period - Shot Misses the Net.
8:50 of 2nd period - Shot by Brent Burns.
8:50 of 2nd period - Stopped by Connor Hellebuyck without a rebound.
8:51 of 2nd period - Ryan Johansen wins face-off versus Adrian Kempe in Penguins zone.
8:58 of 2nd period - Shot by Brent Burns.
8:58 of 2nd period - Shot Blocked by Drew Doughty.
9:04 of 2nd period - Shot by Jason Zucker.
9:04 of 2nd period - Stopped by Connor Hellebuyck without a rebound.
9:05 of 2nd period - Ryan Getzlaf wins face-off versus Cedric Paquette in Penguins zone.
9:12 of 2nd period - Shot by Gustav Nyquist.
9:12 of 2nd period - Stopped by Connor Hellebuyck without a rebound.
9:13 of 2nd period - Ryan Johansen wins face-off versus Adrian Kempe in Penguins zone.
9:33 of 2nd period - Icing by Brent Burns.
9:34 of 2nd period - Adam Lowry wins face-off versus Nathan MacKinnon in Oilers zone.
9:57 of 2nd period - Shot by Riley Nash.
9:57 of 2nd period - Shot Misses the Net.
9:59 of 2nd period - Shot by Riley Nash.
9:59 of 2nd period - Deflect By Nick Cousins.
9:59 of 2nd period - Stopped by Connor Hellebuyck without a rebound.
10:00 of 2nd period - Ryan Johansen wins face-off versus Mark Scheifele in Penguins zone.
10:32 of 2nd period - Shot by David Perron.
10:32 of 2nd period - Shot Blocked by Justin Braun.
10:36 of 2nd period - Shot by David Perron.
10:36 of 2nd period - Shot Blocked by Evander Kane.
11:00 of 2nd period - Shot by Drew Doughty.
11:00 of 2nd period - Shot Blocked by Vladislav Gavrikov.
11:02 of 2nd period - Shot by Drew Doughty.
11:02 of 2nd period - Shot Misses the Net.
11:04 of 2nd period - Shot by Nathan MacKinnon.
11:04 of 2nd period - Shot Blocked by Gustav Nyquist.
11:59 of 2nd period - Shot by Alex DeBrincat.
11:59 of 2nd period - Deflect By Clayton Keller.
11:59 of 2nd period - Stopped by Jonathan Quick without a rebound.
12:00 of 2nd period - Ryan Getzlaf wins face-off versus Adrian Kempe in Oilers zone.
12:04 of 2nd period - Brent Burns is hit by Filip Hronek and loses puck.
12:18 of 2nd period - Jason Zucker is hit by Filip Hronek and loses puck.
13:04 of 2nd period - Minor Penalty to David Perron for Holding.
13:05 of 2nd period - Gabriel Landeskog wins face-off versus Barclay Goodrow in Penguins zone.
14:10 of 2nd period - Shot by Brent Burns.
14:10 of 2nd period - Deflect By Sam Bennett.
14:10 of 2nd period - Shot Misses the Net.
14:12 of 2nd period - Shot by Ryan Getzlaf.
14:12 of 2nd period - Stopped by Connor Hellebuyck with a rebound.
14:14 of 2nd period - Shot by Ryan Getzlaf.
14:14 of 2nd period - Shot Misses the Net.
15:11 of 2nd period - Minor Penalty to Brent Seabrook for High sticking.
15:12 of 2nd period - Ryan Johansen wins face-off versus Gabriel Landeskog in Penguins zone.
15:30 of 2nd period - Shot by Yanni Gourde.
15:30 of 2nd period - Shot Misses the Net.
15:32 of 2nd period - Shot by Yanni Gourde.
15:32 of 2nd period - Shot Misses the Net.
15:34 of 2nd period - Shot by Justin Braun.
15:34 of 2nd period - Stopped by Connor Hellebuyck without a rebound.
15:35 of 2nd period - Gustav Nyquist wins face-off versus Adrian Kempe in Penguins zone.
15:47 of 2nd period - Icing by Brent Burns.
15:48 of 2nd period - Ryan Getzlaf wins face-off versus Adrian Kempe in Oilers zone.
15:50 of 2nd period - Icing by Brent Burns.
15:51 of 2nd period - Cedric Paquette wins face-off versus Ryan Getzlaf in Oilers zone.
16:06 of 2nd period - Icing by Jacob Trouba.
16:07 of 2nd period - Ryan Getzlaf wins face-off versus Adrian Kempe in Oilers zone.
16:43 of 2nd period - Filip Hronek is hit by Yanni Gourde.
17:56 of 2nd period - Icing by Marcus Pettersson.
17:57 of 2nd period - Ryan Getzlaf wins face-off versus Gabriel Landeskog in Penguins zone.
17:58 of 2nd period - Shot by Jason Zucker.
17:58 of 2nd period - Deflect By Ryan Getzlaf.
17:58 of 2nd period - Stopped by Connor Hellebuyck without a rebound.
17:59 of 2nd period - Ryan Getzlaf wins face-off versus Nathan MacKinnon in Penguins zone.
17:59 of 2nd period - Ryan Getzlaf is hit by Drew Doughty.
18:03 of 2nd period - Shot by Ryan Getzlaf.
18:03 of 2nd period - Goal by Ryan Getzlaf - Oilers : 3 - Penguins : 0.
18:04 of 2nd period - Ryan Getzlaf wins face-off versus Nathan MacKinnon in neutral zone.
18:04 of 2nd period - Ryan Getzlaf is hit by Patrik Laine.
18:08 of 2nd period - Shot by Pavel Zacha.
18:08 of 2nd period - Stopped by Connor Hellebuyck without a rebound.
18:09 of 2nd period - Ryan Johansen wins face-off versus Nathan MacKinnon in Penguins zone.
19:05 of 2nd period - Drew Doughty is hit by Ryan Getzlaf and loses puck.
19:17 of 2nd period - Icing by Shea Weber.
19:18 of 2nd period - Sam Bennett wins face-off versus Nathan MacKinnon in Penguins zone.
19:18 of 2nd period - Sam Bennett is hit by Shea Weber.
Goals for this period are 2 for Oilers vs 0 for Penguins.
Shots for this period are 13 for Oilers vs 4 for Penguins.

3rd period


0:01 of 3rd period - Mark Scheifele wins face-off versus Ryan Johansen in neutral zone.
0:26 of 3rd period - Shot by Gabriel Landeskog.
0:26 of 3rd period - Stopped by Jonathan Quick without a rebound.
0:27 of 3rd period - Ryan Getzlaf wins face-off versus Nathan MacKinnon in Oilers zone.
0:27 of 3rd period - Ryan Getzlaf is hit by Patrik Laine.
0:37 of 3rd period - Shot by Ryan Getzlaf.
0:37 of 3rd period - Shot Misses the Net.
0:57 of 3rd period - Shot by Ryan Getzlaf.
0:57 of 3rd period - Shot Blocked by Filip Hronek.
1:01 of 3rd period - Shot by Pavel Zacha.
1:01 of 3rd period - Shot Hit the Post.
1:03 of 3rd period - Shot by Ryan Getzlaf.
1:03 of 3rd period - Stopped by Connor Hellebuyck without a rebound.
1:04 of 3rd period - Ryan Johansen wins face-off versus Mark Scheifele in Penguins zone.
1:16 of 3rd period - Icing by David Perron.
1:17 of 3rd period - Mark Scheifele wins face-off versus Sam Bennett in Penguins zone.
1:19 of 3rd period - Shea Weber is hit by Barclay Goodrow and loses puck.
1:32 of 3rd period - Shot by Sam Bennett.
1:32 of 3rd period - Stopped by Connor Hellebuyck with a rebound.
1:34 of 3rd period - Shot by Sam Bennett.
1:34 of 3rd period - Stopped by Connor Hellebuyck without a rebound.
1:35 of 3rd period - Ryan Johansen wins face-off versus Clayton Keller in Penguins zone.
1:45 of 3rd period - Off-side.
1:46 of 3rd period - Ryan Getzlaf wins face-off versus Mark Scheifele in neutral zone.
1:51 of 3rd period - Icing by Shea Weber.
1:52 of 3rd period - Ryan Johansen wins face-off versus Mark Scheifele in Penguins zone.
2:00 of 3rd period - Icing by Shea Weber.
2:01 of 3rd period - Mark Scheifele wins face-off versus Ryan Getzlaf in Penguins zone.
2:24 of 3rd period - Shot by Pavel Zacha.
2:24 of 3rd period - Stopped by Connor Hellebuyck without a rebound.
2:25 of 3rd period - Ryan Johansen wins face-off versus Clayton Keller in Penguins zone.
2:37 of 3rd period - Evander Kane is hit by Filip Hronek and loses puck.
4:00 of 3rd period - Icing by Mark Giordano.
4:01 of 3rd period - Sam Bennett wins face-off versus Clayton Keller in Penguins zone.
4:07 of 3rd period - Filip Hronek is hit by Barclay Goodrow and loses puck.
4:52 of 3rd period - Shot by Patrik Laine.
4:52 of 3rd period - Shot Misses the Net.
4:54 of 3rd period - Shot by Nathan MacKinnon.
4:54 of 3rd period - Goal by Nathan MacKinnon - Oilers : 3 - Penguins : 1.
4:55 of 3rd period - Ryan Johansen wins face-off versus Gabriel Landeskog in neutral zone.
4:55 of 3rd period - Gustav Nyquist is hit by Gabriel Landeskog and loses puck.
5:32 of 3rd period - Shot by Mark Scheifele.
5:32 of 3rd period - Shot Misses the Net.
5:34 of 3rd period - Shot by Marcus Pettersson.
5:34 of 3rd period - Deflect By Mark Scheifele.
5:34 of 3rd period - Goal by Mark Scheifele - Oilers : 3 - Penguins : 2.
5:35 of 3rd period - Nathan MacKinnon wins face-off versus Ryan Getzlaf in neutral zone.
6:30 of 3rd period - Shot by Cedric Paquette.
6:30 of 3rd period - Stopped by Jonathan Quick without a rebound.
6:31 of 3rd period - Mark Scheifele wins face-off versus Ryan Johansen in Oilers zone.
6:48 of 3rd period - Shot by David Perron.
6:48 of 3rd period - Stopped by Jonathan Quick without a rebound.
6:49 of 3rd period - Sam Bennett wins face-off versus Adrian Kempe in Oilers zone.
7:20 of 3rd period - Shot by Barclay Goodrow.
7:20 of 3rd period - Stopped by Connor Hellebuyck without a rebound.
7:21 of 3rd period - Ryan Johansen wins face-off versus Mark Scheifele in Penguins zone.
7:26 of 3rd period - Shot by Evander Kane.
7:26 of 3rd period - Shot Misses the Net.
7:34 of 3rd period - Shot by David Perron.
7:34 of 3rd period - Stopped by Jonathan Quick without a rebound.
7:35 of 3rd period - Nathan MacKinnon wins face-off versus Ryan Getzlaf in Oilers zone.
7:53 of 3rd period - Shot by Joe Thornton.
7:53 of 3rd period - Stopped by Jonathan Quick with a rebound.
8:09 of 3rd period - Shot by Patrik Laine.
8:09 of 3rd period - Shot Misses the Net.
8:11 of 3rd period - Shot by Brent Seabrook.
8:11 of 3rd period - Shot Blocked by Jacob Trouba.
8:13 of 3rd period - Shot by Marcus Pettersson.
8:13 of 3rd period - Shot Blocked by Jacob Trouba.
8:15 of 3rd period - Shot by Nathan MacKinnon.
8:15 of 3rd period - Deflect By Joe Thornton.
8:15 of 3rd period - Shot Misses the Net.
8:22 of 3rd period - Icing by Vladislav Gavrikov.
8:23 of 3rd period - Mark Scheifele wins face-off versus Ryan Getzlaf in Oilers zone.
8:24 of 3rd period - Shot by Shea Weber.
8:24 of 3rd period - Stopped by Jonathan Quick without a rebound.
8:25 of 3rd period - Ryan Johansen wins face-off versus Mark Scheifele in Oilers zone.
8:25 of 3rd period - Ryan Johansen is hit by Mark Scheifele.
8:54 of 3rd period - Icing by David Perron.
8:55 of 3rd period - Sam Bennett wins face-off versus Mark Scheifele in Penguins zone.
8:55 of 3rd period - Sam Bennett is hit by Shea Weber.
10:10 of 3rd period - Shot by Brent Burns.
10:10 of 3rd period - Shot Misses the Net.
10:20 of 3rd period - Filip Hronek is hit by Evander Kane and loses puck.
11:09 of 3rd period - Shot by Oliver Bjorkstrand.
11:09 of 3rd period - Shot Misses the Net.
11:44 of 3rd period - Shot by Barclay Goodrow.
11:44 of 3rd period - Shot Misses the Net.
11:46 of 3rd period - Shot by Yanni Gourde.
11:46 of 3rd period - Shot Misses the Net.
11:48 of 3rd period - Shot by Barclay Goodrow.
11:48 of 3rd period - Shot Misses the Net.
12:55 of 3rd period - Shot by Adrian Kempe.
12:55 of 3rd period - Stopped by Jonathan Quick without a rebound.
12:56 of 3rd period - Adam Lowry wins face-off versus Mark Scheifele in Oilers zone.
12:56 of 3rd period - Adam Lowry is hit by Gabriel Landeskog.
13:20 of 3rd period - Icing by Vladislav Gavrikov.
13:21 of 3rd period - Nathan MacKinnon wins face-off versus Adam Lowry in Oilers zone.
14:59 of 3rd period - Brent Burns is hit by David Perron.
16:06 of 3rd period - Shot by Alex DeBrincat.
16:06 of 3rd period - Deflect By Clayton Keller.
16:06 of 3rd period - Stopped by Jonathan Quick without a rebound.
16:07 of 3rd period - Clayton Keller wins face-off versus Sam Bennett in Oilers zone.
16:40 of 3rd period - Shot by Alex DeBrincat.
16:40 of 3rd period - Deflect By Oliver Bjorkstrand.
16:40 of 3rd period - Shot Misses the Net.
17:44 of 3rd period - Shot by Patrik Laine.
17:44 of 3rd period - Stopped by Jonathan Quick without a rebound.
17:45 of 3rd period - Adrian Kempe wins face-off versus Adam Lowry in Oilers zone.
19:42 of 3rd period - Shot by Brent Burns.
19:42 of 3rd period - Shot Blocked by Drew Doughty.
19:44 of 3rd period - Shot by Adam Lowry.
19:44 of 3rd period - Stopped by Connor Hellebuyck with a rebound.
19:46 of 3rd period - Shot by Brent Burns.
19:46 of 3rd period - Goal by Brent Burns - Oilers : 4 - Penguins : 2.
19:47 of 3rd period - Sam Bennett wins face-off versus Clayton Keller in neutral zone.
Goals for this period are 1 for Oilers vs 2 for Penguins.
Shots for this period are 7 for Oilers vs 11 for Penguins.